 Dungeon Crawl Stone Soup version 0.28.0-45-g0d030f2227 (webtiles) character file.

Game seed: 1839006255747008300

119 DuloT34 the Magician (level 5, -9/40 HPs)
             Began as a Djinni Fire Elementalist on May 20, 2022.
             Mangled by Grinder (10 damage)
             ... while paralysed by Grinder
             ... on level 3 of the Dungeon.
             The game lasted 00:08:33 (4560 turns).

DuloT34 the Magician (Djinni Fire Elementalist)     Turns: 4560, Time: 00:08:33

Health: -9/40      AC:  3    Str:  7    XL:     5   Next: 23%
Gold:   98         EV:  2    Int: 18    God:
                   SH:  0    Dex: 14

rFire   + + .      SeeInvis .   k - +0 dagger (protect)
rCold   x . .      Faith    .   (no shield)
rNeg    . . .      Spirit   .   a - +0 robe
rPois   ∞          Reflect  .   (no helmet)
rElec   .          Harm     .   c - +0 cloak
rCorr   .          Rampage  .   (no gloves)
Will    .....                   (boots unavailable)
Stlth   ++........              (no amulet)
HPRegen 0.13/turn               (no ring)
MPRegen 0.00/turn               (no ring)

@: paralysed, flying
A: sickness immunity, fire resistance 2, cold vulnerability 1, float, innate
caster, HP casting, extra vitality 1
a: no special abilities


You were on level 3 of the Dungeon.
You visited 1 branch of the dungeon, and saw 3 of its levels.

You collected 98 gold pieces.

Inventory:

Hand Weapons
 e - a +0 dagger of distortion
 j - a +0 dagger
 k - a +0 dagger of protection (weapon)
Armour
 a - a +0 robe (worn)
 c - a +0 cloak (worn)
Scrolls
 i - 3 scrolls of identify
Potions
 b - a potion of curing
 d - a potion of attraction
 f - a potion of heal wounds
 g - a potion of lignification {unknown}
 h - a potion of might {unknown}


   Skills:
 + Level 3.0 Fighting
 - Level 2.1 Dodging
 - Level 1.5 Stealth
 + Level 3.4 Spellcasting


You couldn't memorise any spells.
You knew the following spells:

 Your Spells              Type           Power      Damage    Failure   Level
a - Foxfire               Conj/Fire      60%        2x1d7     3%          1
b - Scorch                Fire           30%        2d6       5%          2
c - Conjure Flame         Conj/Fire      15%        6-21      11%         3
d - Inner Flame           Hex/Fire       15%        N/A       11%         3
e - Flame Wave            Conj/Fire      15%        2d6       36%         4
f - Slow                  Hex            60%        N/A       3%          1
g - Searing Ray           Conj           30%        2d5       5%          2
Your spell library was empty.

Dungeon Overview and Level Annotations

Branches:
Dungeon (3/15)

Altars:
Xom

Annotations:
D:3 Grinder


Innate Abilities, Weirdness & Mutations

You are immune to sickness and miasma.
You are immune to poison.
Your flesh is very heat resistant. (rF++)
You are vulnerable to cold. (rC-)
You float through the air rather than walking.
You learn spells naturally, not from books.
Your magical power is your life essence.
You have superior vitality. (+4 MHP)


Message History

You suddenly lose the ability to move!
Grinder hits you.
You writhe in agony.
Grinder hits you but does no damage.
Grinder says, "You look like you could use a good racking."
Grinder hits you! Grinder hits you. Grinder hits you but does no damage.
You can move again.
Casting: Searing Ray (safe; 5% risk of failure)
Confirm with . or Enter, or press ? or * to list all spells.
Aiming: Searing Ray (safe; 5% risk of failure)
Press: ? - help, Shift-Dir - straight line, f/p - Grinder
Aim: Grinder (lightly wounded, 73% to hit)
The searing ray misses Grinder. (Press . to maintain the ray.) Grinder gestures at you.
You resist with significant effort.
The searing ray hits Grinder.
Grinder is lightly wounded.
Grinder gestures at you.
You shrug off the repeated paralysis!
The searing ray hits Grinder.
Grinder is lightly wounded.
Grinder hits you.
You writhe in agony.
The searing ray hits Grinder!
Grinder is moderately wounded.
You finish channelling your searing ray.
Grinder misses you.
Grinder says, "I used to sell toenails on the black market."
Okay, then.
Grinder gestures at you.
You suddenly lose the ability to move!
Grinder hits you.
* * * LOW HITPOINT WARNING * * *
You writhe in agony.
* * * LOW HITPOINT WARNING * * *
Grinder hits you!
* * * LOW HITPOINT WARNING * * *
Grinder hits you!
You die...

..)...#######..# ###.
#####..........# #..
#.#######..# #.#
#.#.....#.## #.# #.#
#.#.<._.#.# #.# #.#
#.#.....#.# #.# #.#
#.#######..# #.# #.#
#..........######.# #.#
#...........@5...†#####.#
#.################...##.#
... ###.#.##.## ###
#...#.....# #.#####...#
############...#.....#
#.........####.#.#####
#.#######.# #...#
#########.# #†# ##.##


You could see Grinder.

Vanquished Creatures
  3 adders
  4 gnolls (D:3)
  2 dart slugs (D:1)
  7 ball pythons
  2 endoplasms
  A giant cockroach (D:1)
  11 goblins
  5 hobgoblins
  2 quokkas (D:1)
  3 bats
  3 frilled lizards
  4 kobolds
  6 rats
53 creatures vanquished.

Vanquished Creatures (collateral kills)
  8 foxfires (D:1)
8 creatures vanquished.

Vanquished Creatures (others)
  185 foxfires
  A plant (D:1)
186 creatures vanquished.

Grand Total: 247 creatures vanquished

Notes
Turn   | Place    | Note
-------+----------+-------------------------------------------
     0 | D:1      | DuloT34 the Djinni Fire Elementalist began the quest for
                  | the Orb.
     0 | D:1      | Reached XP level 1. HP: 15/15 MP: 0/0
   559 | D:1      | Reached XP level 2. HP: 19/22 MP: 0/0
   662 | D:1      | Reached skill level 1 in Fighting
  1327 | D:1      | Reached XP level 3. HP: 20/27 MP: 0/0
  1327 | D:1      | Learned a level 1 spell: Slow
  2479 | D:2      | Found a shimmering altar of Xom.
  2887 | D:3      | Found a faded altar of an unknown god.
  3030 | D:3      | Reached XP level 4. HP: 29/33 MP: 0/0
  3967 | D:3      | Reached XP level 5. HP: 14/40 MP: 0/0
  3967 | D:3      | Learned a level 2 spell: Searing Ray
  4534 | D:3      | Noticed Grinder
  4537 | D:3      | Paralysed by Grinder for 7 turns
  4556 | D:3      | Paralysed by Grinder for 6 turns
  4559 | D:3      | HP: 1/40 [Grinder (7)]
  4560 | D:3      | Mangled by Grinder

Illustrated notes

Levels and vault maps discovered:
D:1:      scummos_arrival_star, layout_loops_ring, serial_forest,
          infiniplex_forest_clump_long, infiniplex_forest_lined_room_2,
          infiniplex_forest_lined_room_2, infiniplex_forest_end_2,
          infiniplex_forest_end_1, infiniplex_forest_join,
          infiniplex_forest_lined_2, infiniplex_forest_straight_4,
          infiniplex_forest_clump_medium, infiniplex_forest_lined_room_
D:2:      layout_loops_ring, basic_altar
D:3:      cheibrodos_greedy_goblins, layout_loops_ring,
          nicolae_ecumenical_oubliette, uniq_grinder

Skill      XL: |  1  2  3  4  5 |
---------------+----------------+-----
Fighting       | 1 2 3 |  3.0
Spellcasting   | 3 |  3.4
Dodging        | |  2.1
Stealth        | |  1.5

Action                   |  1- 3 |  4- 6 || total
-------------------------+-------+-------++-------
 Cast: Foxfire           |    95 |    50 ||   145
       Searing Ray       |       |     4 ||     4
  Use: Scroll            |     5 |     2 ||     7
Armor: Robe              |     3 |     2 ||     5
Dodge: Dodged            |     7 |    16 ||    23
